 Dungeon Crawl Stone Soup version 0.32-a0-560-g4c7f4391e0 (webtiles) character file.

Game seed: 14950112215852484683

1182 retardedninja the Chopper (level 8, 0/73 HPs)
             Began as a Mountain Dwarf Fighter on Feb 29, 2024.
             Was a Believer of Cheibriados.
             Slain by a hornet (2 damage)
             ... on level 5 of the Dungeon.
             The game lasted 00:07:07 (4857 turns).

retardedninja the Chopper (Mountain Dwarf Fighter)  Turns: 4857, Time: 00:07:09

Health: 0/73       AC: 18    Str: 27    XL:     8   Next: 19%
Magic:  8/8        EV:  8    Int: 15    God:    Cheibriados [**....]
Gold:   379        SH:  5    Dex: 15    Spells: 7/7 levels left

rFire   + + .        a - +0 war axe
rCold   + . .        c - +0 buckler
rNeg    . . .        x - +2 chain mail {rF+}
rPois   +            e - +0 helmet
rElec   +            (no cloak)
rCorr   +            (no gloves)
SInv    .            w - +0 pair of boots
Will    +....        (no amulet) Stlth
                     g - +4 ring of protection
HPRegen 0.32/turn    (no ring)
MPRegen 0.11/turn

%: no passive effects
@: lethally poisoned (0 -> -8), resistant, enlightened, flying, slowed, very
slow
A: runic magic, artefact enchanting
a: Renounce Religion, Bend Time


You were on level 5 of the Dungeon.
You worshipped Cheibriados.
Cheibriados was pleased with you.
You visited 2 branches of the dungeon, and saw 6 of its levels.

You collected 379 gold pieces.

Inventory:

Hand Weapons
 a - a +0 war axe (weapon)
Armour
 c - a +0 buckler (worn)
 e - a +0 helmet (worn)
 w - a +0 pair of boots (worn)
 x - a +2 chain mail of fire resistance (worn)
 y - a scarf of resistance
Jewellery
 g - a +4 ring of protection (left hand)
Wands
 k - a wand of flame (15)
 u - a wand of digging (8)
Scrolls
 b - a scroll of immolation {unknown}
 d - a scroll of identify
 j - a scroll of fear
 l - 3 scrolls of torment
 m - a scroll of enchant weapon {unknown}
 o - a scroll of amnesia {unknown}
 s - 2 scrolls of blinking {unknown}
 v - a scroll of teleportation {unknown}
Potions
 f - a potion of degeneration {unknown}
 i - a potion of berserk rage {unknown}
 n - 3 potions of brilliance
 p - 2 potions of enlightenment
 q - 2 potions of mutation {unknown}
 r - a potion of resistance
 t - 2 potions of ambrosia {unknown}


   Skills:
 * Level 7.0 Fighting
 * Level 7.1 Axes
 + Level 5.3 Armour
 + Level 5.4 Shields


You had 7 spell levels left.
You didn't know any spells.
Your spell library contained the following spells:

 Spells                   Type           Power      Damage    Failure   Level
 Apportation              Tloc           0%         N/A       41%         1
 Magic Dart               Conj           0%         1d3       41%         1
 Shock                    Conj/Air       0%         1d3       41%         1
 Blink                    Tloc           0%         N/A       56%         2
 Call Imp                 Summ           0%         N/A       56%         2
 Jinxbite                 Hex            0%         N/A       56%         2
 Swiftness                Air            0%         N/A       80%         3
 Airstrike                Air            0%         2d(0-16)  99%         4
 Alistair's Intoxication  Alch           0%         N/A       100%        5


Dungeon Overview and Level Annotations

Branches:
Dungeon (5/15)             Temple (1/1) D:4

Altars:
Ashenzari
Cheibriados
Dithmenos
Elyvilon
Fedhas
Gozag
Hepliaklqana
Makhleb
Nemelex Xobeh
Okawaru
Qazlal
Ru
Sif Muna
Uskayaw
Vehumet
Wu Jian
Xom
Yredelemnul
Zin
The Shining One

Shops:
D:2 (=*


Innate Abilities, Weirdness & Mutations

Your spellcasting is much less encumbered by armour.
You can use scrolls of enchantment on lesser artefacts.


Message History

You barely miss the hornet.
The hornet is heavily wounded.
The hornet barely misses you. You block the hornet's attack. x2
You hit the hornet.
The hornet is severely wounded.
You feel yourself speed up.
The hornet stings you but does no damage.
The hornet stings you!
You are poisoned.
You feel yourself slow down. The hornet stings you!
* * * LOW HITPOINT WARNING * * *
You feel as though you will be slow longer.
You feel better.
The hornet stings you but does no damage.
The hornet stings you.
You are poisoned.
You feel as though you will be slow longer.
You miss the hornet.
The hornet is heavily wounded.
You feel very sick. You block the hornet's attack. The hornet stings you!
* * * LOW HITPOINT WARNING * * *
You feel as though you will be slow longer.
The hornet stings you.
* * * LOW HITPOINT WARNING * * *
You are lethally poisoned!
You feel as though you will be slow longer.
You feel better.
The hornet stings you but does no damage.
The hornet stings you!
* * * LOW HITPOINT WARNING * * *
You are lethally poisoned!
You feel as though you will be slow longer.
It was a potion of resistance.
You feel protected.
* * * LOW HITPOINT WARNING * * *
You feel very sick. The hornet stings you.
You die...
Cheibriados appreciates the motionlessness of death.

.......'..'.......'....#
########''#########....#
.........)........#÷...#
..................######
..................'
..........).......'
########)'###########'##
#######....#######..#..#
'...)))..).'....@yo.'..# ~≈~...
#######..).#######..#..#+###≈~P..
#######''''#############...#≈~...
........)))............#.go#~~...
~≈~≈~~~.)..~≈~~~~~~~≈~~#####≈≈...
≈≈≈≈≈≈~.).)≈≈≈≈≈≈≈≈≈≈≈≈≈≈≈≈≈≈~...
~~~~~~~....~~~~≈≈≈~~≈~~~~~~≈~~...
..............................)..
##..........#.#....######.##.#)##


You could see a hornet and an orc.

Vanquished Creatures
  A water moccasin (D:5)
  A sky beast (D:4)
  A kobold brigand (D:5)
  A bullfrog (D:5)
  4 scorpions
  2 jellies (D:5)
  2 orc priests (D:5)
  A hound (D:4)
  An iguana (D:5)
  2 orc wizards (D:5)
  16 gnolls
  8 adders
  2 shadow imps (D:5)
  2 dart slugs
  30 orcs
  12 ball pythons
  6 bats
  9 endoplasms
  4 giant cockroaches
  7 goblins
  3 hobgoblins
  4 jackals (D:5)
  3 kobolds
  6 quokkas
  4 frilled lizards
  5 rats
137 creatures vanquished.

Notes
Turn   | Place    | Note
-------+----------+-------------------------------------------
     0 | D:1      | retardedninja the Mountain Dwarf Fighter began the quest
                  | for the Orb.
     0 | D:1      | Reached XP level 1. HP: 19/19 MP: 1/1
   128 | D:1      | Reached XP level 2. HP: 18/26 MP: 2/2
   577 | D:1      | Found a faded altar of an unknown god.
   911 | D:2      | Reached XP level 3. HP: 30/33 MP: 3/3
  1050 | D:2      | Found Golyru's Jewellery Shoppe.
  1188 | D:2      | Found Joklasun's Assorted Antiques.
  1287 | D:2      | Found Caifoos's Weapon Shop.
  1377 | D:2      | Reached XP level 4. HP: 39/40 MP: 4/4
  1626 | D:3      | Reached XP level 5. HP: 46/47 MP: 5/5
  2440 | D:4      | Reached skill level 5 in Fighting
  2580 | D:4      | Reached XP level 6. HP: 56/56 MP: 6/6
  2701 | D:4      | Found a stormy altar of Qazlal.
  2701 | D:4      | Noticed a sky beast
  2718 | D:4      | Killed a sky beast
  2719 | D:4      | Reached skill level 5 in Axes
  2983 | D:4      | Found a staircase to the Ecumenical Temple.
  3153 | Temple   | Entered the Ecumenical Temple
  3169 | Temple   | Became a worshipper of Cheibriados the Contemplative
  3258 | D:5      | Entered Level 5 of the Dungeon
  3380 | D:5      | Reached XP level 7. HP: 62/62 MP: 7/7
  3417 | D:5      | Reached skill level 5 in Shields
  3506 | D:5      | Reached skill level 5 in Armour
  3570 | D:5      | Reached * piety under Cheibriados
  4338 | D:5      | Reached XP level 8. HP: 51/71 MP: 8/8
  4472 | D:5      | Reached ** piety under Cheibriados
  4836 | D:5      | Noticed a hornet
  4840 | D:5      | Paralysed by a hornet for 1 turns
  4857 | D:5      | HP: 2/73 [poisoned by a hornet]
  4857 | D:5      | Slain by a hornet

Illustrated notes

Levels and vault maps discovered:
D:1:      eino_arrival_cavern_d, layout_loops_ring,
          shapermc_ecumenical_altar_acropolis, nrook_uturn, grunt_decor_junction
D:2:      layout_rooms, serial_shops, shop, shop, shop, minmay_fountain_box,
          bh_walls_and_bars
D:3:      layout_loops_ring, minmay_fractal_squares_5
D:4:      layout_loops_ring, nicolae_qazlal_beasts_of_the_sky,
          minmay_temple_entry_enclosed_plants, minmay_misc_feat_five
D:5:      lemuel_castle_with_subvaults [lemuel_castle_interior_original],
          layout_loops_ring
Temple:   nicolae_temple_bog_church

Skill      XL: |  1  2  3  4  5  6  7  8 |
---------------+-------------------------+-----
Axes           | 3 4 5 6 7 |  7.1
Fighting       | 4 5 6 7 |  7.0
Shields        | 4 5 |  5.4
Armour         | 4 5 |  5.3

Action                     |  1- 3 |  4- 6 |  7- 9 || total
---------------------------+-------+-------+-------++-------
  Melee: War axe           |   131 |   148 |   202 ||   481
  Evoke: Wand              |       |       |     2 ||     2
    Use: Scroll            |       |     4 |       ||     4
         Potion            |       |     1 |     5 ||     6
 Armour: Scale mail        |    48 |       |       ||    48
         Chain mail        |    65 |   118 |   190 ||   373
         Skin              |       |     2 |       ||     2
  Dodge: Dodged            |    53 |    57 |    77 ||   187
  Block: Buckler           |    27 |    32 |    69 ||   128

Table legend: (Time is in decaauts)
 A = Elapsed time spent in this place.
 B = Non-inter-level travel time spent in this place.
 C = Inter-level travel time spent in this place.
 D = Time resting spent in this place.
 E = Time spent auto-exploring this place.
 F = Levels seen in this place.
 G = Mean time per level.
                   A        B        C        D        E       F      G
               +--------+--------+--------+--------+--------+-----+--------+
         Total |   5258 |   4998 |    260 |    510 |   3348 |   6 |  876.3 |
       Dungeon |   5221 |   4995 |    226 |    510 |   3348 |   5 | 1044.2 |
        Temple |     36 |      2 |     34 |      0 |      0 |   1 |   36.0 |
               +--------+--------+--------+--------+--------+-----+--------+

Top non-repeatable levels by time:
     D:4: 1522 daAuts
     D:5: 1404 daAuts
     D:1: 932 daAuts
     D:3: 832 daAuts
     D:2: 530 daAuts
  Temple: 36 daAuts
